 Dungeon Crawl Stone Soup version 0.27.1-34-g3ba077fa99 (webtiles) character file.

Game seed: 2566186587497019443

2083 raph the Spear-Bearer (level 9, -19/66 HPs)
             Began as a Merfolk Gladiator on Jan 25, 2022.
             Was a Priest of the Shining One.
             Killed from afar by a steam dragon (25 damage)
             ... with a ball of steam
             ... on level 8 of the Dungeon.
             The game lasted 00:10:03 (8367 turns).

raph the Spear-Bearer (Merfolk Gladiator)           Turns: 8367, Time: 00:10:04

Health: -19/66     AC:  6    Str: 14    XL:     9   Next: 27%
Magic:  9/9        EV: 16    Int:  8    God:    the Shining One [***...]
Gold:   335        SH:  0    Dex: 24    Spells: 8/8 levels left

rFire    . . .     SeeInvis .   a - +0 halberd
rCold    . . .     Faith    .   (shield currently unavailable)
rNeg     + . .     Spirit   .   m - +0 leather armour
rPois    .         Reflect  .   c - +1 helmet
rElec    .         Harm     .   (no cloak)
rCorr    .         Rampage  .   (no gloves)
Will     .....                  i - +0 pair of boots
Stlth    +.........             (no amulet)
HPRegen  0.21/turn              o - +6 ring of dexterity
MPRegen  0.11/turn              (no ring)

@: about to teleport, glowing
A: (nimble swimmer 2), mertail
a: Renounce Religion, Divine Shield


You were on level 8 of the Dungeon.
You worshipped the Shining One.
The Shining One was most pleased with you.
You visited 2 branches of the dungeon, and saw 9 of its levels.

You collected 335 gold pieces.

Inventory:

Hand Weapons
 a - a +0 halberd (weapon)
 b - a +0 trident of flaming
Missiles
 d - 2 throwing nets
 e - 210 stones
 j - 16 poisoned darts
 l - 7 boomerangs (quivered)
Armour
 c - a +1 helmet (worn)
 i - a +0 pair of boots (worn)
 m - a +0 leather armour (worn)
Jewellery
 f - an amulet of magic regeneration
 o - a +6 ring of dexterity (left hand)
 q - a ring of ice
Wands
 p - a wand of polymorph (7)
Scrolls
 h - 3 scrolls of teleportation
Potions
 g - 2 potions of flight
 k - a potion of cancellation
 n - a potion of attraction


   Skills:
 + Level 4.4 Fighting
 * Level 12.7 Polearms
 + Level 4.0 Throwing
 + Level 2.5 Armour
 + Level 6.2 Dodging
 + Level 4.0 Stealth


You had 8 spell levels left.
You didn't know any spells.
Your spell library contained the following spells:

 Spells                   Type           Power      Damage    Failure   Level
 Animate Skeleton         Necr           0%         N/A       47%         1
 Apportation              Tloc           0%         N/A       47%         1
 Corona                   Hex            0%         N/A       47%         1
 Summon Small Mammal      Summ           0%         N/A       47%         1
 Corpse Rot               Necr/Air       N/A        N/A       63%         2
 Passwall                 Tmut/Erth      0%         N/A       63%         2
 Poisonous Vapours        Pois/Air       0%         N/A       63%         2
 Swiftness                Air            0%         N/A       85%         3
 Freezing Cloud           Conj/Ice/Air   0%         6-21      100%        5
 Invisibility             Hex            0%         N/A       100%        6


Dungeon Overview and Level Annotations

Branches:
Dungeon (8/15)             Temple (1/1) D:4
   Lair: D:8-11

Altars:
Ashenzari
Cheibriados
Elyvilon
Fedhas
Gozag
Hepliaklqana
Kikubaaqudgha
Makhleb
Nemelex Xobeh
Okawaru
Qazlal
Ru
Trog
Uskayaw
Vehumet
Wu Jian
Xom
Yredelemnul
Zin
The Shining One

Shops:
D:8 =


Innate Abilities, Weirdness & Mutations

((You are quick and stealthy near water. (Stealth+, EV+, Speed+++)))
Your lower body shifts to a powerful aquatic tail in water.


Message History

The steam dragon closely misses you. The orc wizard barely misses you.
The orc wizard hits you with a +0 dagger.
You hit the steam dragon.
The steam dragon is lightly wounded.
You barely miss the orc wizard.
The orc wizard is heavily wounded.
The steam dragon breathes steam at you. The ball of steam hits you!
You are engulfed in a cloud of scalding steam.
The orc wizard mumbles some strange words.
The orc wizard flickers and vanishes for a moment.
The orc is engulfed in a cloud of scalding steam.
The orc wizard gestures at you while chanting.
The puff of flame misses you. The steam dragon breathes steam at you.
The ball of steam hits you!
* * * LOW HITPOINT WARNING * * *
You hear a howl!
Found Poab's Jewellery Shop.
You are engulfed in a cloud of scalding steam.
You fail to use your ability.
You are engulfed in a cloud of scalding steam.
* * * LOW HITPOINT WARNING * * *
A howler monkey comes into view.
You are engulfed in a cloud of scalding steam.
* * * LOW HITPOINT WARNING * * *
The howler monkey howls!
A howler monkey comes into view.
Okay, then.
As you read the scroll of teleportation, it crumbles to dust.
You feel strangely unstable.
You are engulfed in a cloud of scalding steam.
The steam dragon closely misses you. x2
The howler monkey hoots and howls with incredible vigour!
You hear a shout!
Found 18 gold pieces.
The steam dragon breathes steam at you. The ball of steam hits you!!
You die...

....$ . .....
##. ..h..##..
...h....#
........#
........# #
......§.#.#
.....§.@#.#.###
....###§#.#.#∩#
. #D#.#...#
#§#.# ## #§# .
#.#########
##o........
#.)###########
#.oo.o........


You could see a steam dragon (catching breath) and 2 howler monkeys.

Vanquished Creatures
  Sigmund (D:3)
  A water moccasin (D:7)
  3 ice beasts
  2 sky beasts (D:5)
  2 black bears (D:7)
  A necrophage (D:3)
  2 centaurs (D:7)
  2 bullfrogs (D:7)
  2 water moccasin zombies
  3 hounds
  A bullfrog zombie (D:5)
  3 orc priests
  A jelly (D:6)
  2 bullfrog skeletons
  An iguana (D:6)
  2 orc wizards
  A hound skeleton (D:5)
  2 howler monkey zombies (D:6)
  8 gnolls
  A howler monkey skeleton (D:6)
  3 adders
  A shadow imp (D:4)
  An adder zombie (D:5)
  An adder skeleton (D:4)
  3 worms
  24 orcs
  7 ball pythons
  6 endoplasms
  5 giant cockroaches
  5 goblins
  8 hobgoblins
  11 jackals
  A quokka (D:3)
  3 bats
  5 frilled lizards
  5 kobolds
  A rat (D:3)
131 creatures vanquished.

Vanquished Creatures (others)
  An orc (D:8)
1 creature vanquished.

Grand Total: 132 creatures vanquished

Notes
Turn   | Place    | Note
-------+----------+-------------------------------------------
     0 | D:1      | raph the Merfolk Gladiator began the quest for the Orb.
     0 | D:1      | Reached XP level 1. HP: 16/16 MP: 1/1
   380 | D:1      | Reached skill level 5 in Polearms
   391 | D:1      | Reached XP level 2. HP: 21/22 MP: 2/2
  1039 | D:2      | Reached skill level 6 in Polearms
  1039 | D:2      | Reached XP level 3. HP: 27/27 MP: 3/3
  1070 | D:2      | Found a faded altar of an unknown god.
  1103 | D:2      | Became a worshipper of the Shining One
  1103 | D:2      | Reached * piety under the Shining One
  1942 | D:3      | Found a sacrificial altar of Ru.
  1950 | D:3      | Reached skill level 7 in Polearms
  1950 | D:3      | Reached XP level 4. HP: 31/33 MP: 4/4
  2150 | D:3      | Found a radiant altar of Vehumet.
  2259 | D:3      | Noticed Sigmund
  2461 | D:3      | Noticed a necrophage
  2473 | D:3      | Killed a necrophage
  2474 | D:3      | Reached skill level 8 in Polearms
  2474 | D:3      | Reached XP level 5. HP: 32/38 MP: 5/5
  2530 | D:3      | Reached skill level 9 in Polearms
  2620 | D:4      | Reached XP level 6. HP: 22/44 MP: 6/6
  3112 | D:4      | Found a staircase to the Ecumenical Temple.
  3118 | Temple   | Entered the Ecumenical Temple
  3982 | D:3      | Found an ancient bone altar of Kikubaaqudgha.
  4318 | D:5      | Entered Level 5 of the Dungeon
  4341 | D:5      | Reached ** piety under the Shining One
  4365 | D:5      | Noticed a sky beast
  4380 | D:5      | Killed a sky beast
  4381 | D:5      | Reached skill level 10 in Polearms
  4741 | D:5      | Found an opulent altar of Gozag.
  5132 | D:5      | Reached XP level 7. HP: 50/50 MP: 7/7
  5277 | D:5      | Found an ornate altar of the Wu Jian Council.
  5381 | D:5      | Reached skill level 11 in Polearms
  5480 | D:5      | Reached skill level 1 in Stealth
  5578 | D:5      | Found a blossoming altar of Fedhas.
  5710 | D:3      | Killed Sigmund
  5711 | D:3      | Reached skill level 1 in Armour
  5832 | D:6      | Reached XP level 8. HP: 58/58 MP: 8/8
  5952 | D:6      | Reached skill level 5 in Dodging
  6144 | D:6      | Found a hazy altar of Hepliaklqana.
  6240 | D:6      | Found a hide-covered altar of Uskayaw.
  6729 | D:6      | Found a broken altar of Ashenzari.
  6787 | D:7      | Reached skill level 12 in Polearms
  7115 | D:7      | Found an iron altar of Okawaru.
  7241 | D:7      | Reached *** piety under the Shining One
  7242 | D:7      | Reached XP level 9. HP: 65/65 MP: 9/9
  8363 | D:8      | Found Poab's Jewellery Shop.
  8367 | D:8      | Killed from afar by a steam dragon

Illustrated notes

Levels and vault maps discovered:
D:1:      dpeg_arrival_snail, layout_basic
D:2:      layout_loops_ring, basic_ecumenical_altar
D:3:      layout_basic, nicolae_vehumet_radiance,
          mainiacjoe_overflow_small_starburst,
          nicolae_ru_great_annihilating_truth, uniq_sigmund
D:4:      layout_rooms, minmay_temple_entry_wispy
D:5:      layout_cave_pods, mainiacjoe_overflow_surrounded_room,
          mainiacjoe_overflow_alcove_4, grunt_gozag_breadcrumbs
D:6:      layout_rooms, nicolae_overflow_crystal_walls,
          ashenzari_conservatory_becter, nicolae_hepliaklqana_hippocampus
D:7:      layout_basic, lemuel_doored_altar
D:8:      layout_basic, gammafunk_temple_overflow_statue, serial_shops,
          nicolae_inconvenience_store
Temple:   jpeg_temple_island

Skill      XL: |  1  2  3  4  5  6  7  8  9 |
---------------+----------------------------+-----
Polearms       | 5 6 7 8 9 10 11 12 | 12.7
Stealth        | 1 3 4 |  4.0
Armour         | 1 2 |  2.5
Fighting       | 3 4 |  4.4
Dodging        | 5 6 |  6.2
Throwing       | 3 4 |  4.0

Action                   |  1- 3 |  4- 6 |  7- 9 || total
-------------------------+-------+-------+-------++-------
Melee: Trident           |   141 |   104 |       ||   245
       Halberd           |       |    12 |   189 ||   201
Throw: Throwing net      |       |     1 |       ||     1
       Dart              |       |     7 |       ||     7
       Boomerang         |       |     3 |     3 ||     6
       Stone             |       |     3 |       ||     3
  Use: Scroll            |     5 |     4 |     3 ||    12
 Stab: Sleeping          |     2 |       |       ||     2
Armor: Leather armour    |    22 |    14 |    42 ||    78
Dodge: Dodged            |    72 |    49 |   120 ||   241
